[Event "18th Charleroi Experts 2019"]
[Site "Charleroi"]
[Date "2019.08.02"]
[Round "8.3"]
[White "Dardha, Daniel"]
[Black "Van der Stricht, Geert"]
[Result "1/2-1/2"]
[ECO "B22"]
[WhiteElo "2420"]
[BlackElo "2374"]
[Annotator "NA"]
[PlyCount "49"]
[EventDate "2019.07.22"]
[EventType "tourn"]
[EventCountry "BEL"]
[SourceTitle "playchess.com"]
[Source "ChessBase"]
[SourceQuality "1"]
[TimeControl "40/5400+30:1800+30"]

1. e4 c5 2. c3 Nf6 3. e5 Nd5 4. d4 cxd4 5. Qxd4 e6 6. Nf3 Nc6 7. Qe4 d6 8. exd6 Nf6 9. Qh4 Bxd6 10. Bd3 Be7 11. Bc2 e5 12. O-O Ng4 13. Bg5 Bxg5 14. Qxg5 Qxg5 15. Nxg5 f6 16. Ne4 Ke7 17. Na3 Bf5 18. Rae1 Bg6 19. f4 Rhd8 20. h3 Nh6 21. g4 Rac8 22. fxe5 Nxe5 23. Nb5 Nhf7 24. Bb3 Bxe4 25. Rxe4 1/2-1/2

[Event "18th Charleroi Experts 2019"]
[Site "Charleroi"]
[Date "2019.08.02"]
[Round "8.4"]
[White "Sterck, Arno"]
[Black "Real, Thibault"]
[Result "0-1"]
[ECO "C77"]
[WhiteElo "2316"]
[BlackElo "2262"]
[Annotator "NA"]
[PlyCount "51"]
[EventDate "2019.07.22"]
[EventType "tourn"]
[EventCountry "BEL"]
[SourceTitle "playchess.com"]
[Source "ChessBase"]
[SourceQuality "1"]
[TimeControl "40/5400+30:1800+30"]

1. e4 e5 2. Nf3 Nc6 3. Bb5 a6 4. Ba4 Nf6 5. Qe2 b5 6. Bb3 Bc5 7. c3 d6 8. d3 O-O 9. Nbd2 Be6 10. Bc2 d5 11. h3 d4 12. Ng5 dxc3 13. bxc3 b4 14. Nxe6 fxe6 15. Nb3 Bxf2+ 16. Qxf2 Nxe4 17. Qxf8+ Kxf8 18. dxe4 Qh4+ 19. Ke2 Kg8 20. Rf1 bxc3 21. Ba3 a5 22. Rf3 Qg5 23. Rd1 a4 24. Bc1 Qxg2+ 25. Rf2 Qxh3 26. Nc5 0-1

[Event "18th Charleroi Experts 2019"]
[Site "Charleroi"]
[Date "2019.08.02"]
[Round "8.5"]
[White "Lenaerts, Lennert"]
[Black "Hovhannisyan, Mher"]
[Result "1/2-1/2"]
[ECO "E38"]
[WhiteElo "2355"]
[BlackElo "2444"]
[Annotator "NA"]
[PlyCount "40"]
[EventDate "2019.07.22"]
[EventType "tourn"]
[EventCountry "BEL"]
[SourceTitle "playchess.com"]
[Source "ChessBase"]
[SourceQuality "1"]
[TimeControl "40/5400+30:1800+30"]

1. d4 Nf6 2. c4 e6 3. Nc3 Bb4 4. Qc2 c5 5. dxc5 Nc6 6. Nf3 Bxc5 7. Bg5 Nd4 8. Nxd4 Bxd4 9. e3 Qa5 10. exd4 Qxg5 11. g3 O-O 12. Bg2 d5 13. cxd5 exd5 14. O-O Be6 15. Rfe1 Rac8 16. Qb3 b6 17. Ne2 Qd2 18. Rad1 Qc2 19. Nc3 Qxb3 20. axb3 a5 1/2-1/2

[Event "18th Charleroi Experts 2019"]
[Site "Charleroi"]
[Date "2019.08.03"]
[Round "9.1"]
[White "Hovhannisyan, Mher"]
[Black "Cools, Gorik"]
[Result "1-0"]
[ECO "D84"]
[WhiteElo "2444"]
[BlackElo "2280"]
[Annotator "NA"]
[PlyCount "69"]
[EventDate "2019.07.22"]
[EventType "tourn"]
[EventCountry "BEL"]
[SourceTitle "playchess.com"]
[Source "ChessBase"]
[SourceQuality "1"]
[TimeControl "40/5400+30:1800+30"]

1. d4 Nf6 2. c4 g6 3. Nc3 d5 4. Bf4 Bg7 5. e3 O-O 6. cxd5 Nxd5 7. Nxd5 Qxd5 8. Bxc7 Na6 9. Bxa6 Qxg2 10. Qf3 Qxf3 11. Nxf3 bxa6 12. Rc1 f6 13. Rg1 Rf7 14. Ke2 Bb7 15. b3 Bf8 16. Nd2 e6 17. Ba5 Re8 18. h4 Rd7 19. Nc4 Rd5 20. Be1 Kf7 21. f3 Red8 22. Rc2 Rb5 23. Bd2 Rh5 24. Na5 Bd5 25. Rc7+ Kg8 26. Be1 f5 27. Bg3 f4 28. Bxf4 Bxf3+ 29. Kxf3 Rxa5 30. Rxa7 Rxa2 31. h5 Bg7 32. hxg6 h6 33. Rc1 Rb2 34. Rcc7 Bf6 35. Rf7 1-0

[Event "18th Charleroi Experts 2019"]
[Site "Charleroi"]
[Date "2019.08.03"]
[Round "9.2"]
[White "Real, Thibault"]
[Black "Lenaerts, Lennert"]
[Result "1/2-1/2"]
[ECO "D02"]
[WhiteElo "2262"]
[BlackElo "2355"]
[Annotator "NA"]
[PlyCount "40"]
[EventDate "2019.07.22"]
[EventType "tourn"]
[EventCountry "BEL"]
[SourceTitle "playchess.com"]
[Source "ChessBase"]
[SourceQuality "1"]
[TimeControl "40/5400+30:1800+30"]

1. d4 d5 2. Bf4 Nf6 3. e3 e6 4. Nd2 c5 5. c3 Nc6 6. Ngf3 cxd4 7. exd4 Nh5 8. Be3 Bd6 9. Ne5 g6 10. Nd3 Ng7 11. g3 f6 12. Bg2 Nf5 13. O-O O-O 14. Re1 Nxe3 15. Rxe3 Bd7 16. b4 b6 17. a4 Rc8 18. Qb3 Kg7 19. Ree1 a5 20. b5 Ne7 1/2-1/2

[Event "18th Charleroi Experts 2019"]
[Site "Charleroi"]
[Date "2019.08.03"]
[Round "9.4"]
[White "Ringoir, Tanguy"]
[Black "Dardha, Daniel"]
[Result "1/2-1/2"]
[ECO "E08"]
[WhiteElo "2503"]
[BlackElo "2420"]
[Annotator "ChessBase"]
[PlyCount "41"]
[EventDate "2019.07.22"]
[EventType "tourn"]
[EventCountry "BEL"]
[SourceTitle "playchess.com"]
[Source "ChessBase"]
[SourceQuality "1"]
[TimeControl "40/5400+30:1800+30"]

1. d4 Nf6 2. c4 e6 3. Nf3 d5 4. g3 Bb4+ 5. Bd2 Be7 6. Bg2 O-O 7. O-O Nbd7 8. Qc2 c6 9. Bf4 Ne4 10. Nc3 g5 11. Bc1 f5 12. b3 b6 13. Bb2 Bb7 14. Ne1 Nd6 15. Rd1 Rc8 16. Nd3 Qe8 17. Na4 Ba6 18. Nb4 Bb7 19. Nd3 Ba6 20. Nb4 Bb7 21. Nd3 1/2-1/2

[Event "18th Charleroi Experts 2019"]
[Site "Charleroi"]
[Date "2019.08.03"]
[Round "9.5"]
[White "Dgebuadze, Alexandre"]
[Black "Hamblok, Roel"]
[Result "1/2-1/2"]
[ECO "A17"]
[WhiteElo "2495"]
[BlackElo "2261"]
[Annotator "ChessBase"]
[PlyCount "67"]
[EventDate "2019.07.22"]
[EventType "tourn"]
[EventCountry "BEL"]
[SourceTitle "playchess.com"]
[Source "ChessBase"]
[SourceQuality "1"]
[TimeControl "40/5400+30:1800+30"]

1. c4 e6 2. Nc3 d5 3. e3 Nf6 4. Nf3 Nbd7 5. b3 b6 6. Bb2 Bb7 7. d4 Bd6 8. Qc2 O-O 9. Be2 a6 10. O-O Rc8 11. Rac1 Qe7 12. Rfd1 Rfd8 13. cxd5 exd5 14. Qf5 Re8 15. Bd3 g6 16. Qh3 Ne4 17. Bxe4 dxe4 18. Nd2 Nf6 19. Nc4 Nd5 20. Nxd5 Bxd5 21. Nxb6 Be6 22. Nxc8 Qg5 23. f4 exf3 24. Qxf3 Bd5 25. h4 Qxh4 26. Qh3 Qxh3 27. gxh3 Rxc8 28. Kf2 Re8 29. Rg1 Kg7 30. Rg5 c6 31. Rgg1 Kg8 32. Rc2 Re6 33. Ke2 Be7 34. Bc1 1/2-1/2